 Dungeon Crawl Stone Soup version 0.25.1-2-g60ff931df9 (webtiles) character file.

Game seed: 1907468262209472213

7354 AuftragZ the Frost Mage (level 10, -28/73 HPs)
             Began as a Pale Draconian Ice Elementalist on Aug 12, 2020.
             Was an Elder of Qazlal.
             Annihilated by an orc warlord
             ... wielding a +1 war axe of flaming
              (33 damage)
             ... on level 1 of the Orcish Mines on Aug 17, 2020.
             The game lasted 01:20:27 (12253 turns).

AuftragZ the Frost Mage (DrIE)                     Turns: 12253, Time: 01:20:28

Health: -28/73     AC:  7    Str: 11    XL:     10   Next: 91%
Magic:  1/32       EV: 13    Int: 24    God:    Qazlal [****..]
Gold:   220        SH:  5    Dex: 12    Spells: 12/27 levels left

rFire    . . .     SeeInvis .   j - +3 short sword of the Wasteland {elec, rElec rC+ rN+}
rCold    + . .     Gourm    .   (no shield)
rNeg     + . .     Faith    .   (armour unavailable)
rPois    .         Spirit   .   (helmet restricted)
rElec    +         Reflect  .   (no cloak)
rCorr    .         Harm     .   (no gloves)
MR       .....     Clarity  +   (no boots)
Stlth    +.........             (no amulet)
HPRegen  0.22/turn              i - +6 ring of intelligence
MPRegen  0.23/turn              n - ring of magical power

@: short of breath, frozen ramparts, repel missiles
A: breathe steam, unfitting armour, stinger 1, clarity, cold-blooded, AC +7
a: Breathe Steam, Upheaval, Elemental Force, Renounce Religion


You were on level 1 of the Orcish Mines.
You worshipped Qazlal.
Qazlal was greatly pleased with you.
You were hungry.

You visited 3 branches of the dungeon, and saw 11 of its levels.

You collected 460 gold pieces.
You spent 240 gold pieces at shops.

Inventory:

Hand Weapons
 j - the +3 short sword of the Wasteland (weapon) {elec, rElec rC+ rN+}
   (You took it off an orc on level 4 of the Dungeon)

   Occasionally, upon striking a foe, it will discharge some electrical energy
   and cause terrible harm.
   It protects you from cold.
   It insulates you from electricity.
   It protects you from negative energy.
 m - a +0 short sword of venom
Missiles
 e - 143 stones
 h - 16 poisoned darts (quivered)
Jewellery
 i - a +6 ring of intelligence (left hand)
 n - a ring of magical power (right hand)
Wands
 t - a wand of paralysis (9)
Scrolls
 c - a scroll of silence
 g - 5 scrolls of teleportation
 k - a scroll of fog
 l - 3 scrolls of remove curse
 p - 2 scrolls of identify
 s - a scroll of enchant weapon
Potions
 a - 2 potions of flight
 f - 2 potions of might
 o - a potion of brilliance {unknown}
 q - a potion of magic {unknown}
Comestibles
 b - 17 rations
 r - a chunk of flesh


   Skills:
 + Level 2.2 Fighting
 + Level 1.9 Short Blades
 + Level 5.3 Throwing
 + Level 3.7 Dodging
 + Level 3.1 Stealth
 + Level 9.3 Spellcasting
 + Level 1.1 Conjurations
 + Level 2.3 Charms
 + Level 2.0 Summonings
 + Level 10.9 Ice Magic


You had 12 spell levels left.
You knew the following spells:

 Your Spells              Type           Power        Failure   Level  Hunger
a - Freeze                Ice            ####         1%          1    None
b - Frozen Ramparts       Ice            ######       1%          3    None
c - Ozocubu's Armour      Chrm/Ice       #####...     1%          3    None
d - Summon Ice Beast      Ice/Summ       #####...     4%          4    ##.....
e - Hailstorm             Conj/Ice       #####...     4%          4    ##.....

Your spell library contained the following spells:

 Spells                   Type           Power        Failure   Level  Hunger


Dungeon Overview and Level Annotations

Branches:
Dungeon (11/15)            Temple (1/1) D:6             Orc (1/2) D:11
   Lair: D:8-11

Altars:
Ashenzari
Cheibriados
Dithmenos
Elyvilon
Fedhas
Gozag
Hepliaklqana
Kikubaaqudgha
Makhleb
Nemelex Xobeh
Okawaru
Qazlal
Ru
Sif Muna
Trog
Uskayaw
Vehumet
Wu Jian
Xom
Yredelemnul
Zin
The Shining One

Shops:
D:4 =   D:5 }   D:6 [


Innate Abilities, Weirdness & Mutations

You can breathe blasts of scalding, opaque steam.
Your pale cyan-grey scales are hard. (AC +7)
You cannot fit into any form of body armour.
You are cold-blooded and may be slowed by cold attacks.
Your tail ends in a poisonous barb.
You possess an exceptional clarity of mind.


Message History

The wall freezes the orc warlord!
An orc wizard comes into view. It is wielding a +0 dagger.
The orc priest mumbles some strange prayers to Beogh against you.
Beogh smites you!
* * * LOW HITPOINT WARNING * * *
Okay, then.
Press: ? - help, Shift-Dir - straight line, f - orc warlord, p - orc warrior
Aim: an orc warlord, wielding a +1 war axe of flaming, wearing a cursed +0 chain mail and wearing a +0 tower shield (lightly wounded)
You exhale a blast of scalding steam.
The ball of steam hits the orc warlord!
The orc warlord is moderately wounded.
You are feeling hungry.
Your ice beast is engulfed in blazing flames.
Your ice beast barely misses the orc sorcerer.
The wall freezes the orc sorcerer!
You kill the orc sorcerer!
Qazlal accepts your kill.
The orc warlord is engulfed in a cloud of scalding steam.
The wall freezes the orc warlord.
The orc warlord hits you with a +1 war axe of flaming!!
You die...

....##......
........#(o#
$..........###
......$..o.(.##
.#..#...oo....#
.......<).....##
.....)§#☼)#....#
....))(ooY.# .##
.....).#@.##
......#####
...### ... ..


You could see an orc warlord, an orc warrior (strong, poisoned), an orc priest
(strong), 2 orc wizards, an orc (strong) and a friendly ice beast (summoned).

Vanquished Creatures
  Harold (D:7)
  Pikel (D:7)
  2 orc sorcerers (Orc:1)
  A gargoyle (D:11)
  A hippogriff (D:7)
  Prince Ribbit (D:6)
  A yak (D:7)
  Eustachio (D:6)
  2 nameless horrors
  3 hogs (D:7)
  A human (D:7)
  Edmund (D:6)
  8 orc warriors
  A sky beast (D:6)
  2 slaves (D:7)
  3 ogres
  A phantom (D:8)
  A big kobold (D:8)
  2 bullfrogs (D:7)
  A gnoll sergeant (D:8)
  2 scorpions (D:4)
  8 killer bees (D:8)
  3 wights (D:8)
  5 crimson imps
  A centaur zombie (D:7)
  6 hounds
  A quasit (D:8)
  A jelly (D:8)
  12 orc wizards
  3 orc priests
  2 bullfrog skeletons
  A centaur skeleton (D:4)
  5 iguanas
  Natasha (thrice) (D:2)
  8 worker ants
  5 gnolls (D:8)
  13 adders
  8 river rats (D:6)
  A shadow imp (D:5)
  An ooze (D:2)
  An adder zombie (D:6)
  2 worms
  2 dart slugs
  3 leopard geckos
  37 orcs
  9 giant cockroaches
  7 goblins
  8 hobgoblins
  11 jackals
  13 kobolds
  11 quokkas
  4 ball pythons
  10 bats
  5 frilled lizards
  A leopard gecko skeleton (D:4)
  A leopard gecko zombie (D:5)
  26 rats
275 creatures vanquished.

Vanquished Creatures (collateral kills)
  An orc warrior (Orc:1)
  2 ogres
  An iguana (D:4)
  An orc (D:7)
5 creatures vanquished.

Vanquished Creatures (others)
  A slave (D:7)
1 creature vanquished.

Grand Total: 281 creatures vanquished

Notes
Turn   | Place    | Note
-------+----------+-------------------------------------------
     0 | D:1      | AuftragZ the Draconian Ice Elementalist began the quest for
                  | the Orb.
     0 | D:1      | Reached XP level 1. HP: 14/14 MP: 3/3
   402 | D:1      | Reached XP level 2. HP: 20/20 MP: 1/5
  1205 | D:2      | Noticed Natasha
  1212 | D:2      | Noticed a crimson imp
  1212 | D:2      | Killed Natasha
  1212 | D:2      | Reached XP level 3. HP: 26/26 MP: 1/6
  1293 | D:2      | Gained mutation: You possess an exceptional clarity of
                  | mind. [potion of mutation]
  1293 | D:2      | Gained mutation: Your tail ends in a poisonous barb.
                  | [potion of mutation]
  1544 | D:2      | Learned a level 3 spell: Frozen Ramparts
  1548 | D:2      | Learned a level 3 spell: Ozocubu's Armour
  1721 | D:2      | Noticed Natasha
  1728 | D:2      | Killed Natasha
  1728 | D:2      | Reached XP level 4. HP: 33/33 MP: 3/8
  1788 | D:2      | Reached skill level 1 in Throwing
  1890 | D:2      | Noticed Natasha
  1897 | D:2      | Killed Natasha
  1897 | D:2      | Reached skill level 5 in Ice Magic
  2386 | D:3      | Reached XP level 5. HP: 38/38 MP: 2/9
  2786 | D:3      | Found a hazy altar of Hepliaklqana.
  2801 | D:3      | Found a white marble altar of Elyvilon.
  2821 | D:3      | Found a basalt altar of Yredelemnul.
  2837 | D:3      | Found an ornate altar of the Wu Jian Council.
  3932 | D:3      | Found a stormy altar of Qazlal.
  4070 | D:3      | Became a worshipper of Qazlal Stormbringer
  4096 | D:3      | Learned a level 4 spell: Summon Ice Beast
  4199 | D:4      | Noticed an ogre
  4205 | D:4      | Killed an ogre
  4205 | D:4      | Reached XP level 6. HP: 45/45 MP: 0/11
  4314 | D:4      | Noticed a nameless horror
  4318 | D:4      | Killed a nameless horror
  4624 | D:4      | Found a shimmering altar of Xom.
  4771 | D:4      | Reached skill level 1 in Short Blades
  4859 | D:4      | Reached skill level 6 in Ice Magic
  4859 | D:4      | Your scales start taking on a pale cyan-grey colour.
  4859 | D:4      | Reached XP level 7. HP: 47/51 MP: 0/12
  5133 | D:4      | Found an iron altar of Okawaru.
  5133 | D:4      | Found a bloodstained altar of Trog.
  5167 | D:4      | Identified the +3 short sword of the Wasteland {elec, rElec
                  | rC+ rN+}
  5438 | D:4      | Found a shimmering altar of Xom.
  5539 | D:4      | Found a shimmering altar of Xom.
  5545 | D:4      | Found a shimmering altar of Xom.
  5547 | D:4      | Found a shimmering altar of Xom.
  5549 | D:4      | Found a shimmering altar of Xom.
  5561 | D:4      | Found a shimmering altar of Xom.
  5711 | D:4      | Found Sohirecri's Jewellery Shoppe.
  5715 | D:4      | Bought an uncursed ring of magical power for 240 gold
                  | pieces
  6002 | D:5      | Entered Level 5 of the Dungeon
  6114 | D:5      | Reached * piety under Qazlal
  6188 | D:5      | Found Likuumuq's Gadget Shop.
  6431 | D:5      | Found a stormy altar of Qazlal.
  6713 | D:5      | Found a sparkling altar of Nemelex Xobeh.
  7163 | D:6      | Found a staircase to the Ecumenical Temple.
  7168 | Temple   | Entered the Ecumenical Temple
  7260 | D:6      | Reached XP level 8. HP: 55/58 MP: 5/15
  7262 | D:6      | Reached skill level 7 in Ice Magic
  7504 | D:6      | Found an opulent altar of Gozag.
  7634 | D:6      | Noticed Eustachio
  7650 | D:6      | Killed Eustachio
  7650 | D:6      | Reached skill level 5 in Spellcasting
  7938 | D:6      | Noticed a nameless horror
  7943 | D:6      | Killed a nameless horror
  8132 | D:6      | Reached ** piety under Qazlal
  8608 | D:6      | Noticed Edmund
  8616 | D:6      | Killed Edmund
  8627 | D:6      | Reached skill level 8 in Ice Magic
  8882 | D:6      | Noticed an Executioner
  8883 | D:6      | Found a burning altar of Makhleb.
  8887 | D:6      | Found a glowing silver altar of Zin.
  8887 | D:6      | Noticed an angel
  8913 | D:6      | Noticed Prince Ribbit
  8921 | D:6      | Killed Prince Ribbit
  8921 | D:6      | Reached skill level 1 in Charms
  9112 | D:6      | Found Waseecw's Antique Armour Emporium.
  9255 | D:7      | Reached XP level 9. HP: 63/63 MP: 17/17
  9311 | D:7      | Noticed Harold
  9332 | D:7      | Killed Harold
  9332 | D:7      | Reached skill level 1 in Fighting
  9332 | D:7      | Reached skill level 1 in Summonings
  9740 | D:7      | Reached skill level 9 in Ice Magic
 10179 | D:7      | Learned a level 4 spell: Hailstorm
 10625 | D:7      | Noticed Pikel
 10642 | D:7      | Killed Pikel
 10772 | D:7      | Reached skill level 5 in Throwing
 10935 | D:7      | Reached XP level 10. HP: 71/71 MP: 21/21
 10936 | D:7      | Reached *** piety under Qazlal
 11362 | D:8      | Reached skill level 10 in Ice Magic
 11902 | D:8      | Reached **** piety under Qazlal
 11940 | D:8      | You fall into a shaft and drop 3 floors!
 12101 | D:11     | Noticed a gargoyle
 12105 | D:11     | Killed a gargoyle
 12181 | D:11     | Found a staircase to the Orcish Mines.
 12189 | Orc:1    | Entered Level 1 of the Orcish Mines
 12203 | Orc:1    | Reached skill level 1 in Conjurations
 12240 | Orc:1    | Noticed an orc sorcerer
 12242 | Orc:1    | Noticed an orc warlord
 12245 | Orc:1    | Noticed an orc sorcerer
 12252 | Orc:1    | Killed an orc sorcerer
 12253 | Orc:1    | Killed an orc sorcerer
 12253 | Orc:1    | Annihilated by an orc warlord

Illustrated notes

Levels and vault maps discovered:
D:1:      saegor_arrival_simple_e, layout_basic
D:2:      layout_loops_ring, uniq_natasha
D:3:      minmay_bubble_buster, layout_basic, grunt_temple_overflow_cloverleaf,
          nicolae_qazlal_eye_of_the_storm
D:4:      layout_loops_ring, grunt_temple_overflow_bloody_war, xom_redecorated,
          serial_shops, kennysheep_mini_moat, first_ration
D:5:      layout_loops_ring, nicolae_overflow_hidden_temple,
          overflow_temple_1_default, serial_shops, kennysheep_little_box
D:6:      lemuel_ratsnest, layout_loops_ring,
          grunt_temple_overflow_order_and_chaos_2, temple_doors_ab,
          serial_shops, shop, grunt_gozag_statues, uniq_eustachio,
          uniq_prince_ribbit1, uniq_edmund
D:7:      layout_gridville, grunt_livestock, uniq_harold, uniq_pikel
D:8:      layout_loops_ring, basic_altar, onia_ninara_dug_in_and_dangerous
D:11:     minmay_the_grid_four_pointed_star_mashed
          [minmay_the_grid_triangle_9x9_intruding_spiral,
          minmay_the_grid_triangle_9x9_tough_junction,
          minmay_the_grid_triangle_9x9_limited_checkers,
          minmay_the_grid_triangle_9x9_flanged_cone,
          minmay_the_grid_prize_diamond_cup], layout_loops_ring, orc_0_dummy,
          minmay_misc_feat_secret_circle, grunt_decor_one_mirror,
          chequers_serial_rivers_small_b
Temple:   minmay_freezing_vapour_temple
Orc:1:    layout_caves, minmay_orc_temple_b

Skill      XL: |  1  2  3  4  5  6  7  8  9 10 |
---------------+-------------------------------+-----
Stealth        | 2 3 |  3.1
Spellcasting   | 3 4 5 7 9 |  9.3
Throwing       | 1 2 3 4 5 |  5.3
Dodging        | 2 3 |  3.7
Ice Magic      | 5 6 8 9 10 | 10.9
Short Blades   | 1 |  1.9
Charms         | 1 2 |  2.3
Fighting       | 1 2 |  2.2
Summonings     | 1 2 |  2.0
Conjurations   | 1 |  1.1

Action                   |  1- 3 |  4- 6 |  7- 9 | 10-12 || total
-------------------------+-------+-------+-------+-------++-------
Melee: Dagger            |    25 |   108 |       |       ||   133
       Tailslap          |       |     6 |       |     1 ||     7
       Short sword       |       |       |    28 |    10 ||    38
Throw: Dart              |    23 |    54 |   145 |    42 ||   264
 Cast: Freeze            |    44 |    29 |    51 |     4 ||   128
       Ozocubu's Armour  |     2 |     8 |    17 |     8 ||    35
       Frozen Ramparts   |       |    14 |    71 |    25 ||   110
       Summon Ice Beast  |       |     2 |    12 |     3 ||    17
       Hailstorm         |       |       |    13 |    14 ||    27
 Abil: Breathe Steam     |       |       |     1 |     3 ||     4
  Use: Scroll            |     5 |     4 |     3 |     1 ||    13
       Potion            |     3 |     2 |     4 |     2 ||    11
  Eat: Chunk             |     3 |     8 |    19 |     3 ||    33
       Ration            |       |     1 |     1 |     1 ||     3
Armor: Skin              |    24 |    67 |    30 |    17 ||   138
Dodge: Dodged            |    43 |    82 |    57 |    24 ||   206
Block: Other             |       |       |     9 |    16 ||    25
